 Dungeon Crawl Stone Soup version 0.31-a0-435-g2c6fae2916 (webtiles) character file.

Game seed: 8068605749349466523

109 randomguy2701 the Gusty (level 4, 0/39 HPs)
             Began as an Ogre Air Elementalist on Aug 2, 2023.
             Killed by nerve-wracking pain
             ... invoked by Grinder
              (11 damage)
             ... on level 3 of the Dungeon.
             The game lasted 00:03:46 (3101 turns).

randomguy2701 the Gusty (Ogre Air Elementalist)     Turns: 3101, Time: 00:03:47

Health: 0/39       AC:  3    Str: 12    XL:     4   Next: 89%
Magic:  1/8        EV: 10    Int: 18    God:
Gold:   153        SH:  0    Dex:  9    Spells: 8/9 levels left

rFire   . . .        l - +0 club
rCold   . . .        (no shield)
rNeg    . . .        a - +0 robe
rPois   .            (helmet restricted)
rElec   .            (no cloak)
rCorr   .            (gloves unavailable)
SInv    .            (boots unavailable)
Will    .....        (no amulet)
Stlth   +            (no ring)
HPRegen 0.26/turn    (no ring)
MPRegen 0.11/turn

%: no passive effects
@: no status effects
A: large, unfitting armour, tough skin 1
a: no special abilities


You were on level 3 of the Dungeon.
You visited 1 branch of the dungeon, and saw 3 of its levels.

You collected 153 gold pieces.

Inventory:

Hand Weapons
 l - a +0 club (weapon)
Armour
 a - a +0 robe (worn)
Jewellery
 e - an amulet of magic regeneration
 n - an amulet of the acrobat
Wands
 j - a wand of mindburst (8)
 m - a wand of paralysis (9)
Scrolls
 f - 2 scrolls of identify {unknown}
 g - a scroll of immolation {unknown}
 h - 2 scrolls of noise {unknown}
Potions
 b - a potion of magic
 c - 2 potions of might {unknown}
 d - 2 potions of heal wounds {unknown}
 i - a potion of brilliance {unknown}
 k - a potion of ambrosia {unknown}


   Skills:
 + Level 0.1 Fighting
 + Level 2.4 Dodging
 + Level 1.4 Stealth
 + Level 0.4 Unarmed Combat
 + Level 3.1 Spellcasting
 + Level 1.8 Conjurations
 + Level 3.6 Air Magic


You had 8 spell levels left.
You knew the following spells:

 Your Spells              Type           Power      Damage    Failure   Level
a - Shock                 Conj/Air       48%        1d6       5%          1

Your spell library contained the following spells:

 Spells                   Type           Power      Damage    Failure   Level
 Static Discharge         Conj/Air       24%        2-3/arc   8%          2
 Swiftness                Air            16%        N/A       11%         3
 Cigotuvi's Dreadful Rot  Necr/Pois/Air  14%        N/A       14%         2
 Scorch                   Fire           4%         2d5       24%         2
 Airstrike                Air            8%         2d(2-18)  34%         4
 Dispel Undead            Necr           2%         3d7       85%         4
 Simulacrum               Ice/Necr       1%         N/A       100%        6
 Starburst                Conj/Fire      3%         6d3       100%        6


Dungeon Overview and Level Annotations

Branches:
Dungeon (3/15)

Altars:
Nemelex Xobeh

Annotations:
D:3 Grinder


Innate Abilities, Weirdness & Mutations

You are too large for most types of armour.
You have tough skin. (AC +1)


Message History

Grinder gestures at you. You resist with significant effort.
You can move again.
You miscast Shock.
You are very lightly contaminated with residual magic.
Nothing appears to happen.
Grinder hits you.
You writhe in agony.
You are out of magic!
You are out of magic!
You barely miss Grinder.
Grinder is heavily wounded.
Grinder hits you but does no damage.
You hit Grinder.
Grinder is severely wounded.
Grinder gestures at you.
You suddenly lose the ability to move!
Grinder hits you but does no damage.
You can move again.
You hit Grinder but do no damage.
Grinder is severely wounded.
Grinder hits you. x2; You writhe in agony.
You are too injured to fight recklessly!
You are too injured to fight recklessly!
Unknown command.
You are too injured to fight recklessly!
You are too injured to fight recklessly!
You barely miss Grinder.
Grinder is severely wounded.
Grinder hits you.
* * * LOW HITPOINT WARNING * * *
You writhe in agony.
* * * LOW HITPOINT WARNING * * *
Your magical contamination has completely faded away.
You closely miss Grinder.
Grinder is severely wounded.
Grinder hits you but does no damage.
You hit Grinder.
Grinder is severely wounded.
Grinder gestures at you. Pain shoots through your body!
You die...

#### ### ... ..# .# #.#
.### #.# ...#
##.##########
...########.....@5....#
...........#.########.#
.#.######⌠.⌠.# )#.#
##.._..# .#.####..⌠.⌠##
.#.).....).##
.####.....## .# #.###.#
.# #.# #.#


You could see Grinder.

Vanquished Creatures
  Jessica (D:2)
  3 adders (D:2)
  4 worms
  An orc (D:3)
  6 ball pythons
  6 endoplasms
  2 giant cockroaches
  5 goblins
  A hobgoblin (D:1)
  4 jackals (D:1)
  A quokka (D:2)
  2 bats (D:1)
  2 frilled lizards (D:2)
  2 kobolds (D:3)
  4 rats
44 creatures vanquished.

Notes
Turn   | Place    | Note
-------+----------+-------------------------------------------
     0 | D:1      | randomguy2701 the Ogre Air Elementalist began the quest for
                  | the Orb.
     0 | D:1      | Reached XP level 1. HP: 16/16 MP: 3/3
   374 | D:1      | Reached XP level 2. HP: 24/24 MP: 1/5
   433 | D:1      | Reached skill level 1 in Conjurations
  1037 | D:2      | Reached XP level 3. HP: 31/31 MP: 4/6
  1677 | D:2      | Found a faded altar of an unknown god.
  2138 | D:2      | Reached XP level 4. HP: 37/39 MP: 3/8
  2403 | D:3      | Noticed Jessica
  2417 | D:2      | Killed Jessica
  2656 | D:3      | Got Voseh's Almanac of Resurrection and Arson
  3050 | D:3      | Found a sparkling altar of Nemelex Xobeh.
  3065 | D:3      | Noticed Grinder
  3083 | D:3      | Paralysed by Grinder for 4 turns
  3089 | D:3      | Paralysed by Grinder for 5 turns
  3096 | D:3      | Paralysed by Grinder for 2 turns
  3101 | D:3      | Killed from afar by Grinder

Illustrated notes

Levels and vault maps discovered:
D:1:      shiori_shiawase, layout_loops_cross
D:2:      layout_loops_ring, ebering_ecumenical_altar_sacrificial
D:3:      layout_loops_ring, nemelex_xobeh_ov_fountains_minmay,
          serial_bayou_pond_d, uniq_grinder, uniq_jessica

Skill      XL: |  1  2  3 |
---------------+----------+-----
Air Magic      | 3 |  3.6
Conjurations   | 1 |  1.8
Dodging        | 2 |  2.4
Spellcasting   | 3 |  3.1
Fighting       | |  0.1
Stealth        | |  1.4
Unarmed Combat | |  0.4

Action                     |  1- 3 |  4- 6 || total
---------------------------+-------+-------++-------
  Melee: Unarmed           |    26 |     6 ||    32
         Club              |       |    22 ||    22
   Cast: Shock             |    95 |    54 ||   149
 Armour: Robe              |    23 |     8 ||    31
  Dodge: Dodged            |    37 |     6 ||    43

Table legend: (Time is in decaauts)
 A = Elapsed time spent in this place.
 B = Non-inter-level travel time spent in this place.
 C = Inter-level travel time spent in this place.
 D = Time resting spent in this place.
 E = Time spent auto-exploring this place.
 F = Levels seen in this place.
 G = Mean time per level.
                   A        B        C        D        E       F      G
               +--------+--------+--------+--------+--------+-----+--------+
         Total |   3109 |   3034 |     75 |      0 |   2604 |   3 | 1036.3 |
       Dungeon |   3109 |   3034 |     75 |      0 |   2604 |   3 | 1036.3 |
               +--------+--------+--------+--------+--------+-----+--------+

Top non-repeatable levels by time:
     D:2: 1352 daAuts
     D:1: 1132 daAuts
     D:3: 624 daAuts
